 Dungeon Crawl Stone Soup version 0.31-a0-986-g5e6e4ef867 (webtiles) character file.

Game seed: 2133559758761906365

849 Lobster4 the Conjurer (level 7, -6/40 HPs)
             Began as a Deep Elf Conjurer on Nov 6, 2023.
             Was an Initiate of Vehumet.
             Shot with an arrow by a centaur (11 damage)
             ... on level 6 of the Dungeon.
             The game lasted 00:14:43 (4208 turns).

Lobster4 the Conjurer (Deep Elf Conjurer)           Turns: 4208, Time: 00:14:44

Health: -6/40      AC:  3    Str:  4    XL:     7   Next: 69%
Magic:  16/16      EV: 13    Int: 25    God:    Vehumet [......]
Gold:   185        SH:  0    Dex: 13    Spells: 9/16 levels left

rFire   + + .        v - +1 flail "Quejaz" {heavy, Fly}
rCold   . . .        (no shield)
rNeg    . . .        a - +0 robe
rPois   .            (no helmet)
rElec   .            (no cloak)
rCorr   .            y - +0 pair of gloves
SInv    .            (no boots)
Will    .....        e - amulet of magic regeneration
Stlth   ++           z - ring of protection from fire
HPRegen 0.26/turn    L - ring of protection from fire
MPRegen 0.55/turn

%: no passive effects
@: flying
A: no striking features
a: Renounce Religion


You were on level 6 of the Dungeon.
You worshipped Vehumet.
Vehumet was noncommittal.
You visited 2 branches of the dungeon, and saw 7 of its levels.

You collected 295 gold pieces.
You spent 110 gold pieces at shops.

Inventory:

Hand Weapons
 d - a +0 dagger
 n - a +3 spear of venom
 o - a +0 sling
 v - the +1 flail "Quejaz" (weapon) {heavy, Fly}
   (You found it on level 3 of the Dungeon)

   Fly:       It grants you flight.
 D - a +1 short sword of draining
 E - a +0 rapier
 N - a +0 shortbow
Missiles
 g - 3 boomerangs
 j - 10 poisoned darts
 I - a throwing net
Armour
 a - a +0 robe (worn)
 y - a +0 pair of gloves (worn)
 C - a +0 buckler of reflection
Magical Staves
 k - a staff of air
Jewellery
 e - an amulet of magic regeneration (around neck)
 z - a ring of protection from fire (left hand)
 L - a ring of protection from fire (right hand)
Wands
 r - a wand of mindburst (8)
 B - a wand of paralysis (13)
 F - a wand of quicksilver (9)
Scrolls
 c - a scroll of noise {unknown}
 f - a scroll of torment {unknown}
 h - a scroll of enchant weapon
 i - 2 scrolls of fear {unknown}
 m - a scroll of poison {unknown}
 s - a scroll of summoning {unknown}
 t - 2 scrolls of identify
 u - 3 scrolls of fog {unknown}
 w - 2 scrolls of teleportation
 G - a scroll of vulnerability {unknown}
 H - a scroll of amnesia {unknown}
 J - a scroll of brand weapon {unknown}
 K - a scroll of acquirement {unknown}
Potions
 b - a potion of magic
 l - 2 potions of might
 p - 3 potions of degeneration {unknown}
 q - 2 potions of enlightenment
 x - 3 potions of haste
 A - 2 potions of lignification
 M - a potion of curing
 O - a potion of cancellation {unknown}


   Skills:
 + Level 2.0 Fighting
 + Level 0.3 Ranged Weapons
 + Level 2.5 Throwing
 + Level 1.8 Armour
 + Level 4.5 Dodging
 - Level 3.0 Stealth
 + Level 1.9 Shields
 + Level 5.0 Spellcasting
 + Level 5.5 Conjurations
 + Level 3.0 Hexes
 + Level 2.5 Evocations


You had 9 spell levels left.
You knew the following spells:

 Your Spells              Type           Power      Damage    Failure   Level
a - Magic Dart            Conj           100%       1d8       1%          1
b - Searing Ray           Conj           68%        2d6       1%          2
c - Fulminant Prism       Conj/Hex       13%        3d9       14%         4

Your spell library contained the following spells:

 Spells                   Type           Power      Damage    Failure   Level
 Dazzling Flash           Conj/Hex       54%        N/A       4%          3
 Apportation              Tloc           12%        N/A       9%          1
 Necrotise                Necr           24%        1d5       9%          1
 Summon Small Mammal      Summ           24%        N/A       9%          1
 Cigotuvi's Dreadful Rot  Necr/Pois/Air  12%        N/A       12%         2
 Ignite Poison            Fire/Tmut/Pois 6%         N/A       24%         3
 Iskenderun's Mystic Bla  Conj/Tloc      20%        2d6       26%         4
 Freezing Cloud           Conj/Ice/Air   7%         6-21      71%         5


Dungeon Overview and Level Annotations

Branches:
Dungeon (6/15)             Temple (1/1) D:5

Altars:
Ashenzari
Cheibriados
Dithmenos
Fedhas
Hepliaklqana
Kikubaaqudgha
Makhleb
Nemelex Xobeh
Okawaru
Trog
Uskayaw
Vehumet
Wu Jian
Xom
Zin
Lugonu

Shops:
D:2 [

Annotations:
D:2 Sigmund
D:5 exclusion: hornet
D:6 Menkaure


Message History

Aiming: Magic Dart (safe; 1% risk of failure)
Press: ? - help, Shift-Dir - straight line, f - adder
Aim: an adder (wandering, hasn't noticed you, 100% to hit)
The magic dart hits the adder!
The adder is almost dead.
The adder hisses angrily.
Casting: Magic Dart (safe; 1% risk of failure)
Confirm with . or Enter, or press ? or * to list all spells.
Aiming: Magic Dart (safe; 1% risk of failure)
Press: ? - help, Shift-Dir - straight line, f/p - adder
Aim: an adder (almost dead, 100% to hit)
The magic dart hits the adder.
You kill the adder!
Vehumet accepts your kill.
Your Hexes skill increases to level 3!
Level annotation: Menkaure Welcome back, Lobster4 the Deep Elf Conjurer.
Vehumet says: Let it end in hellfire!
Press ? for a list of commands and other information.
O - a metallic puce potion The centaur shoots an arrow.
The arrow hits you.
A black bear comes into view.
The black bear growls angrily.
The centaur shoots an arrow.
The arrow misses you.
The centaur shoots an arrow.
The arrow hits you.
The centaur shoots an arrow.
The arrow closely misses you.
The centaur shoots an arrow.
The arrow barely misses you.
The centaur shoots an arrow.
The arrow misses you.
The centaur shoots an arrow.
The arrow hits you!
The centaur shoots an arrow.
The arrow hits you!
* * * LOW HITPOINT WARNING * * *
The centaur shoots an arrow.
The arrow hits you.
* * * LOW HITPOINT WARNING * * *
The centaur shoots an arrow.
The arrow barely misses you.
The centaur shoots an arrow.
The arrow hits you.
* * * LOW HITPOINT WARNING * * *
The centaur shoots an arrow.
The arrow hits you.
* * * LOW HITPOINT WARNING * * *
The centaur shoots an arrow.
The arrow hits you!
You die...

##.## #..#
#..# ####
#.## ##..####
##c# #......#
#..# #...<..#
#.## ##...###
##.# #.@###
#..#
##...#####..#
###....#..##
###..c..#
###...# ###.#
#..# ##.# ..


You could see a centaur.

Vanquished Creatures
  2 water moccasins (D:5)
  2 ogres (D:5)
  A centaur (D:5)
  A jelly (D:6)
  4 iguanas
  An orc wizard (D:4)
  10 gnolls (D:5)
  3 adders
  A white imp (D:6)
  2 ufetubi (D:5)
  5 dart slugs
  10 orcs
  4 ball pythons
  6 endoplasms
  4 giant cockroaches
  10 goblins
  3 hobgoblins (D:4)
  2 jackals (D:2)
  A quokka (D:1)
  3 bats
  3 frilled lizards
  7 kobolds
  A rat (D:1)
86 creatures vanquished.

Notes
Turn   | Place    | Note
-------+----------+-------------------------------------------
     0 | D:1      | Lobster4 the Deep Elf Conjurer began the quest for the Orb.
     0 | D:1      | Reached XP level 1. HP: 10/10 MP: 6/6
   211 | D:1      | Reached XP level 2. HP: 15/15 MP: 6/8
   214 | D:1      | Learned a level 2 spell: Searing Ray
   803 | D:2      | Reached XP level 3. HP: 19/19 MP: 7/10
   878 | D:2      | Noticed Sigmund
  1177 | D:3      | Found a blossoming altar of Fedhas.
  1259 | D:3      | Identified the +1 flail "Quejaz" {heavy, Fly}
  1608 | D:3      | Found a hide-covered altar of Uskayaw.
  1633 | D:3      | Identified the +4 mace of Zomim {protect, Drain Str+5}
  1726 | D:2      | Found Veaned's Armour Shoppe.
  1745 | D:2      | Bought a +0 buckler of reflection for 110 gold pieces
  2124 | D:4      | Reached XP level 4. HP: 24/24 MP: 4/11
  2129 | D:4      | Learned a level 4 spell: Fulminant Prism
  2130 | D:4      | Found a bloodstained altar of Trog.
  2149 | D:3      | Reached skill level 1 in Throwing
  2596 | D:4      | Reached skill level 1 in Evocations
  2596 | D:4      | Reached XP level 5. HP: 28/28 MP: 8/13
  2620 | D:4      | Reached skill level 1 in Hexes
  2889 | D:4      | Found a hazy altar of Hepliaklqana.
  2904 | D:5      | Entered Level 5 of the Dungeon
  2904 | D:5      | Noticed a hornet
  2956 | D:5      | Noticed a water moccasin
  2958 | D:5      | Reached skill level 5 in Conjurations
  3042 | D:5      | Reached skill level 1 in Fighting
  3062 | D:5      | Reached skill level 1 in Armour
  3066 | D:5      | Reached skill level 1 in Shields
  3087 | D:5      | Reached XP level 6. HP: 32/34 MP: 8/14
  3240 | D:5      | Killed a water moccasin
  3289 | D:5      | Noticed a water moccasin
  3292 | D:5      | Killed a water moccasin
  3293 | D:5      | Reached XP level 7. HP: 38/38 MP: 12/16
  3498 | D:5      | Found a glowing silver altar of Zin.
  3498 | D:5      | Found an ornate altar of the Wu Jian Council.
  3678 | D:5      | Found a staircase to the Ecumenical Temple.
  3759 | Temple   | Entered the Ecumenical Temple
  3775 | Temple   | Became a worshipper of Vehumet
  3977 | D:6      | Noticed Menkaure
  4080 | D:5      | Reached skill level 5 in Spellcasting
  4208 | D:6      | Shot with an arrow by a centaur

Illustrated notes

Levels and vault maps discovered:
D:1:      minmay_arrival_stone_box, layout_loops_ring, minmay_hexomino_u4
D:2:      layout_basic, serial_shops, shop, uniq_sigmund
D:3:      layout_rooms, general_overflow_altar, nicolae_uskayaw_suspiria,
          minivault_4
D:4:      layout_loops_ring, mainiacjoe_overflow_chevrons,
          trog_three_pillars_becter, minmay_crystal_room,
          guppyfry_early_lair_pool
D:5:      layout_loops_ring, mainiacjoe_overflow_swirl,
          gammafunk_temple_overflow_pools, minmay_temple_entry_antechambers,
          uniq_crazy_yiuf_cottage
D:6:      layout_cave_pods, nicolae_ru_path_of_blood, uniq_edmund, uniq_menkaure
Temple:   corrupted_temple

Skill      XL: |  1  2  3  4  5  6  7 |
---------------+----------------------+-----
Stealth        | 3 |  3.0
Dodging        | 3 4 |  4.5
Throwing       | 1 2 |  2.5
Spellcasting   | 4 5 |  5.0
Evocations     | 1 2 |  2.5
Hexes          | 1 2 3 |  3.0
Conjurations   | 5 |  5.5
Fighting       | 1 2 |  2.0
Armour         | 1 |  1.8
Shields        | 1 |  1.9
Ranged Weapons | |  0.3

Action                     |  1- 3 |  4- 6 |  7- 9 || total
---------------------------+-------+-------+-------++-------
  Melee: Spear             |     1 |       |       ||     1
  Throw: Throwing net      |       |     1 |       ||     1
   Cast: Magic Dart        |    77 |    33 |    19 ||   129
         Searing Ray       |     3 |    23 |     8 ||    34
    Use: Potion            |     1 |     1 |       ||     2
         Scroll            |     1 |     5 |       ||     6
 Armour: Robe              |     8 |    12 |    18 ||    38
  Dodge: Dodged            |     9 |    18 |    17 ||    44

Table legend: (Time is in decaauts)
 A = Elapsed time spent in this place.
 B = Non-inter-level travel time spent in this place.
 C = Inter-level travel time spent in this place.
 D = Time resting spent in this place.
 E = Time spent auto-exploring this place.
 F = Levels seen in this place.
 G = Mean time per level.
                   A        B        C        D        E       F      G
               +--------+--------+--------+--------+--------+-----+--------+
         Total |   4208 |   3678 |    530 |    212 |   2477 |   7 |  601.1 |
       Dungeon |   4178 |   3661 |    517 |    212 |   2477 |   6 |  696.3 |
        Temple |     30 |     17 |     13 |      0 |      0 |   1 |   30.0 |
               +--------+--------+--------+--------+--------+-----+--------+

Top non-repeatable levels by time:
     D:5: 1044 daAuts
     D:4: 791 daAuts
     D:1: 758 daAuts
     D:2: 754 daAuts
     D:3: 685 daAuts
     D:6: 144 daAuts
  Temple: 30 daAuts
